 Dungeon Sprint DCSS version 0.30-a0-374-g95c0257040 (webtiles) character file.

Game seed: 7248582957010584345

2807 rocky1 the Destroyer (level 9, 0/82 HPs)
             Began as a Red Draconian Conjurer on Nov 25, 2022.
             Was the Champion of Cheibriados.
             Slain by Harold
             ... wielding a +2 vorpal glaive
              (1 damage)
             ... in the Dungeon (Sprint VII: "The Pits").
             The game lasted 00:05:59 (1084 turns).

rocky1 the Destroyer (Red Draconian Conjurer)       Turns: 1084, Time: 00:06:00

Health: 0/82       AC:  7    Str: 25    XL:     9   Next: 44%
Magic:  10/17      EV:  9    Int: 40    God:    Cheibriados [******]
Gold:   0          SH:  0    Dex: 26    Spells: 5/19 levels left

rFire   + + .      SeeInvis .    d - +2 rapier "Raih" {flame, rF+ rN+ Int+4}
rCold   . . .      Faith    .    (no shield)
rNeg    + . .      Spirit   .    (body armour unavailable)
rPois   .          Reflect  .    (helmet restricted)
rElec   .          Harm     .    (no cloak)
rCorr   .          Rampage  .    (no gloves)
Will    .....      NoTele   +    (no boots)
Stlth   ++++......               (no amulet)
HPRegen 0.33/turn                (no ring)
MPRegen 0.15/turn                (no ring)

@: short of breath, marked, held, very slow
A: breathe fire, AC +7, unfitting armour, fire resistance 1, cold-blooded
a: Breathe Fire, Renounce Religion, Bend Time, Temporal Distortion, Slouch, Step
From Time


You were in the Dungeon.
You worshipped Cheibriados.
Cheibriados was exalted by your worship.
You visited 1 branch

Inventory:

Hand Weapons
 d - the +2 rapier "Raih" (weapon) {flame, rF+ rN+ Int+4}
   (You found it in the Dungeon)

   It burns those it strikes, dealing additional fire damage.
   Int:       It affects your intelligence (+4).
   rF:        It protects you from fire.
   rN:        It protects you from negative energy.
 e - a +1 vampiric spear
 j - the +2 war axe "Keifeppo" {elec, Int+4}
   (You found it in the Dungeon)

   It occasionally discharges a powerful burst of electricity upon striking a
   foe.
   Int:       It affects your intelligence (+4).
 k - a +1 quarterstaff of protection
 r - a +2 halberd of venom
Armour
 m - a +0 kite shield
Jewellery
 n - a +3 ring of intelligence
 o - a +3 ring of evasion
Wands
 l - a wand of digging (2)
Scrolls
 f - a scroll of blinking
 h - 5 scrolls of amnesia
 i - a scroll of summoning
Potions
 a - 5 potions of magic
 b - 7 potions of curing
 c - 9 potions of heal wounds
 g - a potion of invisibility
 p - a potion of might
 q - a potion of mutation


   Skills:
 + Level 8.8 Fighting
 + Level 10.6 Staves
 + Level 6.9 Dodging
 + Level 6.0 Stealth
 + Level 5.5 Spellcasting
 + Level 11.0 Conjurations
 + Level 1.8 Hexes
 * Level 10.0 Invocations


You had 5 spell levels left.
You knew the following spells:

 Your Spells              Type           Power      Damage    Failure   Level
a - Magic Dart            Conj           100%       1d8       1%          1
b - Searing Ray           Conj           100%       2d8       1%          2
c - Dazzling Flash        Conj/Hex       100%       N/A       1%          3
d - Fulminant Prism       Conj/Hex       29%        3d14      1%          4
e - Iskenderun's Mystic   Conj/Tloc      53%        2d11      2%          4

Your spell library contained the following spells:

 Spells                   Type           Power      Damage    Failure   Level


Dungeon Overview and Level Annotations

Branches:
Dungeon (1/1)

Altars:
Ashenzari
Cheibriados
Dithmenos
Elyvilon
Fedhas
Gozag
Hepliaklqana
Kikubaaqudgha
Makhleb
Nemelex Xobeh
Okawaru
Qazlal
Ru
Sif Muna
Trog
Uskayaw
Vehumet
Wu Jian
Xom
Yredelemnul
Zin
The Shining One
Jiyva
Lugonu

Annotations:
D Harold


Innate Abilities, Weirdness & Mutations

You can breathe blasts of fire.
Your fiery red scales are hard. (AC +7)
You cannot fit into any form of body armour.
Your flesh is heat resistant. (rF+)
You are cold-blooded and may be slowed by cold attacks.


Message History

Casting: Magic Dart (safe; 1% risk of failure)
Confirm with . or Enter, or press ? or * to list all spells.
Aiming: Searing Ray (safe; 1% risk of failure)
Press: ? - help, Shift-Dir - straight line, f - Harold
Aim: Harold, wielding a +2 vorpal glaive, wearing a +0 chain mail and quivering 2 throwing nets (moderately wounded, 92% to hit)
The searing ray hits Harold!
Harold is heavily wounded. (Press . to maintain the ray.) Harold hits you from afar with a +2 vorpal glaive!
The searing ray hits Harold!
Harold is heavily wounded.
Harold barely misses you.
The searing ray hits Harold but does no damage.
Harold is heavily wounded.
Harold hits you from afar with a +2 vorpal glaive!!
* * * LOW HITPOINT WARNING * * *
x2 Unknown command.
You feel much better.
Harold hits you from afar with a +2 vorpal glaive.
Unknown command.
You shred the net and break free!
Harold hits you from afar with a +2 vorpal glaive!
* * * LOW HITPOINT WARNING * * *
x2 Unknown command.
Aiming: Breathe Fire (4% risk of failure)
Press: ? - help, Shift-Dir - straight line, f/p - Harold
Aim: Harold, wielding a +2 vorpal glaive, wearing a +0 chain mail and quivering 2 throwing nets (heavily wounded, 85% to hit)
You breathe a blast of fire.
The fiery breath misses Harold.
Harold is engulfed in blazing flames.
Harold completely misses you.
Unknown command.
Harold is engulfed in blazing flames.
Harold gestures at you while chanting. A sentinel's mark forms upon you.
Harold is engulfed in blazing flames.
Harold throws a throwing net.
The throwing net hits you.
You become entangled in the net!
You see here a throwing net.
You struggle against the net.
Harold is engulfed in blazing flames.
Harold hits you from afar with a +2 vorpal glaive!
* * * LOW HITPOINT WARNING * * *
You die...

#'###...<...###....##
...##.......# ##))##
...##.......###.)).##
#####.......##.....(#
#[.###########..)...+
#)############......#
#)#....#).[[###....##
#)#....#..[[# ##''##
#.(....'....# #.@..#
#'#....#..).##@.....#
'.#....#..))##......#
#####################


You could see Harold.

Vanquished Creatures
  A shadow wraith (D)
  A flayed ghost (D)
  A cyclops (D)
  A hellwing (D)
  A flying skull (D)
  A jumping spider (D)
  A redback (D)
  Edmund (D)
  A floating eye (D)
  A water moccasin (D)
  A wolf (D)
  A phantom (D)
  2 gnoll sergeants (D)
  A quasit (D)
  A crimson imp (D)
  8 gnolls (D)
  A river rat (D)
  An ufetubus (D)
  A quokka (D)
  A frilled lizard (D)
  A jackal skeleton (D)
  3 rats (D)
32 creatures vanquished.

Vanquished Creatures (others)
  A fulminant prism (D)
1 creature vanquished.

Grand Total: 33 creatures vanquished

Notes
Turn   | Place    | Note
-------+----------+-------------------------------------------
     0 | D        | rocky1 the Draconian Conjurer began the quest for the Orb.
     0 | D        | Reached XP level 1. HP: 14/14 MP: 3/3
    20 | D        | Found a bloodstained altar of Trog.
    20 | D        | Found a shimmering blue altar of Sif Muna.
    20 | D        | Found a viscous altar of Jiyva.
    20 | D        | Found a hazy altar of Hepliaklqana.
    20 | D        | Found an opulent altar of Gozag.
    41 | D        | Found a glowing golden altar of the Shining One.
    41 | D        | Found a glowing silver altar of Zin.
    41 | D        | Found a basalt altar of Yredelemnul.
    41 | D        | Found a shimmering altar of Xom.
    41 | D        | Found an ornate altar of the Wu Jian Council.
    41 | D        | Found a sacrificial altar of Ru.
    41 | D        | Found a stormy altar of Qazlal.
    41 | D        | Found an iron altar of Okawaru.
    41 | D        | Found a sparkling altar of Nemelex Xobeh.
    41 | D        | Found a burning altar of Makhleb.
    41 | D        | Found a blossoming altar of Fedhas.
    41 | D        | Found a white marble altar of Elyvilon.
    41 | D        | Found a shadowy altar of Dithmenos.
    41 | D        | Found a snail-covered altar of Cheibriados.
    44 | D        | Found a corrupted altar of Lugonu.
    44 | D        | Found a radiant altar of Vehumet.
    45 | D        | Found an ancient bone altar of Kikubaaqudgha.
    45 | D        | Found a hide-covered altar of Uskayaw.
    45 | D        | Found a broken altar of Ashenzari.
    52 | D        | Became a worshipper of Cheibriados the Contemplative
    96 | D        | Reached * piety under Cheibriados
   106 | D        | Noticed a floating eye
   109 | D        | Killed a floating eye
   109 | D        | Reached ** piety under Cheibriados
   110 | D        | Reached skill level 1 in Fighting
   110 | D        | Reached skill level 8 in Conjurations
   110 | D        | Reached XP level 2. HP: 23/23 MP: 0/6
   110 | D        | Reached XP level 3. HP: 28/28 MP: 0/7
   110 | D        | Reached XP level 4. HP: 35/35 MP: 0/9
   114 | D        | Noticed a water moccasin
   121 | D        | Killed a water moccasin
   122 | D        | Reached skill level 9 in Conjurations
   122 | D        | Reached XP level 5. HP: 42/42 MP: 1/11
   123 | D        | Reached *** piety under Cheibriados
   256 | D        | Noticed Edmund
   256 | D        | Noticed a wolf
   257 | D        | Noticed a phantom
   269 | D        | Reached **** piety under Cheibriados
   270 | D        | Reached skill level 10 in Conjurations
   270 | D        | Reached skill level 1 in Invocations
   271 | D        | Killed a wolf
   272 | D        | Reached XP level 6. HP: 51/51 MP: 12/12
   273 | D        | Killed Edmund
   273 | D        | Reached ***** piety under Cheibriados
   305 | D        | Reached skill level 5 in Staves
   313 | D        | Your scales start taking on a fiery red colour.
   313 | D        | Reached XP level 7. HP: 48/60 MP: 11/14
   313 | D        | Gained mutation: Your flesh is heat resistant. (rF+) [Red
                  | Draconian growth]
   369 | D        | Learned a level 2 spell: Searing Ray
   373 | D        | Learned a level 3 spell: Dazzling Flash
   378 | D        | Learned a level 4 spell: Fulminant Prism
   383 | D        | Learned a level 4 spell: Iskenderun's Mystic Blast
   390 | D        | Noticed a hellwing
   399 | D        | Killed a hellwing
   400 | D        | Reached skill level 5 in Fighting
   400 | D        | Reached skill level 5 in Dodging
   400 | D        | Reached skill level 5 in Spellcasting
   400 | D        | Reached skill level 5 in Invocations
   617 | D        | Reached ****** piety under Cheibriados
   625 | D        | Noticed a flying skull
   625 | D        | Noticed a cyclops
   625 | D        | Noticed a redback
   627 | D        | Killed a flying skull
   627 | D        | Killed a redback
   628 | D        | Reached skill level 5 in Stealth
   628 | D        | Reached XP level 8. HP: 59/71 MP: 8/15
   638 | D        | Killed a cyclops
   639 | D        | Reached skill level 11 in Conjurations
   873 | D        | Got the +2 rapier "Raih" {flame, rF+ rN+ Int+4}
   875 | D        | Got the +2 war axe "Keifeppo" {elec, Int+4}
   961 | D        | Noticed a flayed ghost
   968 | D        | Killed a shadow wraith
   968 | D        | Killed a flayed ghost
   969 | D        | Reached skill level 10 in Staves
   969 | D        | Reached skill level 1 in Hexes
   969 | D        | Reached XP level 9. HP: 60/82 MP: 0/17
  1072 | D        | Noticed Harold
  1074 | D        | Reached skill level 10 in Invocations
  1084 | D        | HP: 1/82 [Harold/+2 vorpal glaive (16)]
  1084 | D        | Slain by Harold

Illustrated notes

Levels and vault maps discovered:
D:        pitsprint [storerooms_1, entrance_room_1, metal_vault_2, armoury_1,
          mini_pit_1, grid_room_1, main_hall_1, silver_pit, the_coven_3,
          the_vestibule_1, steel_vault_5, golden_pit, hallway_of_sentries,
          crystal_vault_4, iron_vault_2, final_vault]

Skill      XL: |  1  2  3  4  5  6  7  8  9 |
---------------+----------------------------+-----
Fighting       | 1 2 3 4 6 8 |  8.8
Staves         | 2 3 4 5 7 10 | 10.6
Dodging        | 2 3 4 5 6 |  6.9
Stealth        | 3 4 5 6 |  6.0
Spellcasting   | 3 4 5 |  5.5
Conjurations   | 8 9 10 11 | 11.0
Invocations    | 2 4 6 9 10 | 10.0
Hexes          | 1 |  1.8

Action                   |  1- 3 |  4- 6 |  7- 9 || total
-------------------------+-------+-------+-------++-------
Melee: Quarterstaff      |     5 |    44 |    15 ||    64
       Tailslap          |     1 |     6 |     2 ||     9
       Rapier            |       |       |     1 ||     1
 Cast: Magic Dart        |     7 |     9 |     3 ||    19
       Searing Ray       |       |       |     2 ||     2
       Fulminant Prism   |       |       |     1 ||     1
Invok: Slouch            |       |       |     5 ||     5
 Abil: Breathe Fire      |       |       |     3 ||     3
  Use: Potion            |       |     3 |     2 ||     5
 Stab: Sleeping          |     1 |       |       ||     1
       Invisible         |       |     2 |       ||     2
Armor: Skin              |       |    24 |     5 ||    29
Dodge: Dodged            |     2 |    51 |    25 ||    78

Table legend: (Time is in decaauts)
 A = Elapsed time spent in this place.
 B = Non-inter-level travel time spent in this place.
 C = Inter-level travel time spent in this place.
 D = Time resting spent in this place.
 E = Time spent auto-exploring this place.
 F = Levels seen in this place.
 G = Mean time per level.
                   A        B        C        D        E       F      G
               +--------+--------+--------+--------+--------+-----+--------+
         Total |   1324 |   1215 |    109 |    620 |      0 |   1 | 1324.0 |
       Dungeon |   1324 |   1215 |    109 |    620 |      0 |   1 | 1324.0 |
               +--------+--------+--------+--------+--------+-----+--------+

Top non-repeatable levels by time:
       D: 1324 daAuts
